 Dungeon Crawl Stone Soup version 0.24.0-29-g8ce449bc06 (webtiles) character file.

Game seed: 18266033869408286562, levelgen mode: deterministic

50 Johnny the Slasher (level 3, -1/36 HPs)
             Began as a Troll Berserker on Nov 16, 2019.
             Was a Believer of Trog.
             Slain by an orc warrior
             ... wielding a +0 long sword
              (12 damage)
             ... on level 3 of the Dungeon.
             The game lasted 00:01:16 (713 turns).

Johnny the Slasher (Troll Berserker)                 Turns: 713, Time: 00:01:17

Health: -1/36      AC:  6    Str: 24 (26) XL:     3   Next: 55%
Magic:  2/2        EV: 10    Int:  1 (3)  God:    Trog [**....]
Gold:   77         SH:  0    Dex:  7 (9)  Spells: 2/2 levels left

rFire    + . .     SeeInvis .   a - +0 falchion
rCold    + . .     Gourm    +   (no shield)
rNeg     . . .     Faith    .   b - +0 animal skin
rPois    +         Spirit   .   (helmet restricted)
rElec    +         Reflect  .   (no cloak)
rCorr    +         Harm     .   (gloves unavailable)
MR       ++...                  (boots unavailable)
Stlth    +.........             (no amulet)
HPRegen  1.52/turn              (no ring)
MPRegen  0.08/turn              (no ring)

@: resistant, berserk cooldown, flying, regenerating, slowed, very slow
A: large, unfitting armour, claws 3, fast metabolism 3, gourmand, regeneration
1, shaggy fur 1, tough skin 3
a: Berserk, Trog's Hand, Renounce Religion


You were on level 3 of the Dungeon.
You worshipped Trog.
Trog was pleased with you.
You were full.

You visited 1 branch of the dungeon, and saw 3 of its levels.

You collected 77 gold pieces.

Inventory:

Hand Weapons
 a - a +0 falchion (weapon)
Armour
 b - a +0 animal skin (worn)
Scrolls
 f - a scroll of enchant weapon {unknown}
Potions
 d - a potion of curing {unknown}
 h - a potion of degeneration
Comestibles
 c - 5 rations


   Skills:
 + Level 2.9 Fighting
 * Level 3.4 Long Blades
 - Level 2.4 Dodging


You had 2 spell levels left.
You didn't know any spells.
Your spell library was empty.

Dungeon Overview and Level Annotations

Branches:
Dungeon (3/15)

Altars:


Innate Abilities, Weirdness & Mutations

You are too large for most types of armour.
You have claws for hands.
Your metabolism is lightning-fast.
You like to eat raw meat.
Your natural rate of healing is unusually fast.
You are covered in fur. (AC +1)
You have extremely tough skin. (AC +3)


Message History

It was a potion of degeneration.
There was something very wrong with that liquid.
You feel weakened.
You feel dopey.
You feel clumsy. The orc warrior closely misses you.
Unknown command.
The orc closely misses you.
It was a potion of resistance.
You feel protected.
You feel the effects of Trog's Hand fading.
The orc warrior hits you with a +0 long sword.
The orc closely misses you.
Unknown command.
It was a potion of flight.
You feel very buoyant.
You fly up into the air.
The orc warrior hits you but does no damage.
The gnoll hits you but does no damage. The orc closely misses you.
The gnoll hits you with a +0 whip.
The orc warrior hits you with a +0 long sword!
You die...

.........
..........
.<........#
.........<.##
#...........#
#...........#
#...........#
#.?......o@.#
#........go.#
#.......o..##
..#......##
##..####
##...#
#o.....
.........
#........


You could see an orc warrior, an orc priest, a gnoll and an orc.

Vanquished Creatures
  An adder (D:2)
  3 dart slugs (D:1)
  A leopard gecko (D:2)
  A giant cockroach (D:1)
  A goblin (D:1)
  5 hobgoblins
  3 jackals (D:1)
  A ball python (D:1)
  7 bats
  A frilled lizard (D:1)
  3 kobolds
  9 rats (D:1)
36 creatures vanquished.

Notes
Turn   | Place    | Note
-------+----------+-------------------------------------------
     0 | D:1      | Johnny the Troll Berserker began the quest for the Orb.
     0 | D:1      | Reached XP level 1. HP: 22/22 MP: 0/0
   101 | D:1      | Reached XP level 2. HP: 25/29 MP: 1/1
   173 | D:1      | Reached skill level 3 in Long Blades
   260 | D:1      | Reached ** piety under Trog
   280 | D:1      | Reached XP level 3. HP: 36/36 MP: 2/2
   698 | D:2      | You fall into a shaft and drop 1 floor!
   698 | D:3      | Noticed an orc warrior
   713 | D:3      | Slain by an orc warrior

Levels and vault maps discovered:
D:1:      onia_arrival_larder, layout_rooms
D:2:      layout_loops_ring, lemuel_doored_altar, first_ration,
          kennysheep_generic_room_11
D:3:      layout_rooms, old_standard_altar, gup_sewer_entry_pipe, minivault_14

Skill      XL: |  1  2 |
---------------+-------+-----
Long Blades    | 3 |  3.4
Fighting       | |  2.9
Dodging        | |  2.4

Action                   || total
-------------------------++-------
Melee: Falchion          ||    95
Invok: Berserk           ||     1
       Trog's Hand       ||     1
  Use: Potion            ||     3
  Eat: Chunk             ||    11
Armor: Animal skin       ||    47
Dodge: Dodged            ||    57
       Rpst.: Falchion   ||    12
